 Dungeon Crawl Stone Soup version 0.16.0-16-g311141a (webtiles) character file.

291 maniek23 the Sneak (level 6, -7/42 HPs)
             Began as a Vampire Enchanter on Mar 19, 2015.
             Mangled by Swippen's ghost (14 damage)
             ... on level 4 of the Dungeon.
             The game lasted 00:20:30 (3385 turns).

maniek23 the Sneak (Vampire Enchanter)              Turns: 3385, Time: 00:20:31

Health: -7/42      AC:  0    Str:  3    XL:     6   Next: 10%
Magic:  4/11       EV: 23    Int: 17    God:
Gold:   186        SH:  0    Dex: 20    Spells: 3 memorised, 4 levels left

rFire  . . .     SeeInvis +     j - melded +4 dagger
rCold  + . .     Clarity  .     k - melded +0 leather armour
rNeg   + + .     SustAb   .     (shield currently unavailable)
rPois  +         Gourm    .     i - melded +0 helmet
rElec  .         Spirit   .     (cloak currently unavailable)
rCorr  .         Warding  .     l - melded +0 pair of gloves
rMut   .         Stasis   .     (boots currently unavailable)
MR     .....                    (no amulet)
Stlth  ++++......               (ring currently unavailable)
                                (ring currently unavailable)

@: bat-form, flying, very slightly contaminated, regenerating slowly, very
quick, not resistant to hostile enchantments, stealthy
A: bottle blood, (fangs 0), see invisible, (unbreathing)
a: End Transformation


You were on level 4 of the Dungeon.
You were thirsty.
You were in vampire-bat-form.
You visited 1 branch of the dungeon, and saw 4 of its levels.

You collected 186 gold pieces.

Inventory:

Hand weapons
 a - a +1 dagger
 j - a +4 dagger (melded)
 n - a +2 short sword of draining
Missiles
 f - 11 poisoned needles (quivered)
 v - 7 silver javelins
Armour
 b - a +1 robe
 h - a +0 pair of boots
 i - a +0 helmet (melded)
 k - a +0 leather armour (melded)
 l - a +0 pair of gloves (melded)
Magical devices
 s - a wand of fireball (5)
Scrolls
 e - 3 scrolls of identify {unknown}
 g - a scroll of enchant armour {unknown}
 o - a scroll of remove curse {unknown}
 p - a scroll of magic mapping {unknown}
 q - a scroll of amnesia {unknown}
 r - 2 scrolls of random uselessness {unknown}
 t - 2 scrolls of recharging {unknown}
 u - a scroll of teleportation {unknown}
 x - a scroll of immolation {unknown}
 y - a scroll of fog {unknown}
Potions
 d - 15 potions of blood
 m - a potion of heal wounds {unknown}
 w - a potion of brilliance {unknown}
 z - a potion of ambrosia {unknown}
Books
 c - a book of Maledictions

   Spells                             Type                      Level
   a - Corona                         Hexes                        1
   b - Sure Blade                     Hexes/Charms                 2
   c - Ensorcelled Hibernation        Hexes/Ice                    2
   d - Confuse                        Hexes                        3
   e - Dazzling Spray                 Conjuration/Hexes            3
   f - Enslavement                    Hexes                        4


   Skills:
 + Level 0.6 Fighting
 + Level 1.5 Short Blades
 + Level 1.6 Armour
 + Level 4.0 Dodging
 + Level 6.3 Stealth
 + Level 2.6 Spellcasting
 + Level 0.1 Conjurations
 + Level 5.5 Hexes
 + Level 0.6 Ice Magic


You had 4 spell levels left.
You knew the following spells:

 Your Spells              Type           Power        Failure   Level  Hunger
a - Corona                Hex            ###....      8%          1    #......
b - Ensorcelled Hibernat  Hex/Ice        ##....       24%         2    ##.....
c - Dazzling Spray        Conj/Hex       ##......     36%         3    ###....


Dungeon Overview and Level Annotations

Branches:
Dungeon (4/15)
 Temple: D:4-7

Altars:
Cheibriados
Dithmenos
Kikubaaqudgha
Makhleb
Okawaru

Annotations:
D:4 Swippen's ghost, average GrFi


Innate Abilities, Weirdness & Mutations

You heal slowly.
You can bottle blood from corpses.
((You have razor-sharp teeth.))
You have supernaturally acute eyesight.
((You can survive without breathing.))


Message History

You completely miss Swippen's ghost.
You bite Swippen's ghost, but do no damage.
Swippen's ghost is lightly damaged.
Swippen's ghost hits you!
* * * LOW HITPOINT WARNING * * *
Casting: Corona
Confirm with . or Enter, or press ? or * to list all spells.
Aiming: Corona
Press: ? - help, Shift-Dir - straight line, f/p - Swippen's ghost
Aim: Swippen's ghost (lightly damaged, chance 49%)
Okay, then.
Use which ability? (? or * to list)
You fail to use your ability.
Swippen's ghost barely misses you.
Use which ability? (? or * to list)
You turn into a vampire bat.
Your +4 dagger melds into your body.
Your +0 helmet melds into your body.
Your +0 pair of gloves melds into your body.
Your +0 leather armour melds into your body.
Swippen's ghost hits you!
You die...

###########.##≈≈.≈≈#..# #.#.#.#
............####'###..#####.#.#.#
..............)................>.
.####...#####.........#####.#.#.#
....'(..'.....##+###..#####.#.#.#
'####...########.# #........#.#.#
........# #......# #...######.#.#
.....#### #.########..........#.#
.....# #.##..bWo...#######.#.#
.....######.##.###.....### ###W#
>......).......# #.......# #.#
.....######.#..# #.....#.# #o#
.....# #....#..# ###'### #.#
###### #.##.#..# o# #.. # ###..#
'# #.. ...# .. ##. ...# o. ##


You could see Swippen's ghost and an orc.

Vanquished Creatures
  A phantom (D:4)
  An orc wizard (D:4)
  Robin (D:2)
  8 adders
  A worm (D:2)
  3 giant geckos
  An ooze (D:1)
  4 orcs
  A bat skeleton (D:4)
  6 giant cockroaches
  17 goblins
  13 hobgoblins
  A ball python (D:3)
  10 bats
  A giant newt (D:4)
  9 kobolds
  7 rats
85 creatures vanquished.

Notes
Turn   | Place    | Note
--------------------------------------------------------------
     0 | D:1      | maniek23, the Vampire Enchanter, began the quest for the Orb.
     0 | D:1      | Reached XP level 1. HP: 13/13 MP: 3/3
   435 | D:1      | Reached XP level 2. HP: 19/19 MP: 4/4
   745 | D:2      | Reached XP level 3. HP: 24/24 MP: 4/6
   747 | D:2      | Reached skill level 5 in Stealth
   858 | D:2      | Reached skill level 5 in Hexes
   977 | D:2      | Noticed Robin
  1023 | D:2      | Killed Robin
  1466 | D:2      | Reached XP level 4. HP: 30/30 MP: 4/7
  1710 | D:3      | Found an iron altar of Okawaru.
  1711 | D:3      | Found a shadowy altar of Dithmenos.
  1715 | D:3      | Learned a level 2 spell: Ensorcelled Hibernation
  1715 | D:3      | Found a burning altar of Makhleb.
  1717 | D:3      | Found a snail-covered altar of Cheibriados.
  1931 | D:3      | Reached skill level 1 in Armour
  1948 | D:3      | Learned a level 3 spell: Dazzling Spray
  2109 | D:3      | Reached XP level 5. HP: 35/35 MP: 9/9
  2467 | D:4      | Found an ancient bone altar of Kikubaaqudgha.
  2692 | D:4      | Noticed Swippen's ghost (average GrFi)
  2699 | D:4      | Noticed an orc warrior
  3065 | D:4      | Noticed a phantom
  3088 | D:4      | Killed a phantom
  3088 | D:4      | Reached skill level 6 in Stealth
  3307 | D:4      | Reached XP level 6. HP: 25/42 MP: 1/11
  3385 | D:4      | Mangled by Swippen's ghost

Action                   |  1- 3 |  4- 6 || total
-------------------------+-------+-------++-------
Melee: Dagger            |    41 |    24 ||    65
       Short sword       |    37 |    84 ||   121
 Cast: Corona            |    10 |     7 ||    17
       Ensorcelled Hiber |       |    10 ||    10
       Dazzling Spray    |       |     2 ||     2
 Abil: Bat Form          |     1 |     2 ||     3
       End Transformatio |     1 |     1 ||     2
  Use: Potion            |     1 |     3 ||     4
 Stab: Sleeping          |     1 |    10 ||    11
       Invisible         |       |     1 ||     1
  Eat: Corpse            |       |     1 ||     1
